 Dungeon Crawl Stone Soup version 0.20.1-1-g8b1a95d (webtiles) character file.

973 Firecrotchwizard the Grappler (level 7, -19/68 HPs)
             Began as a Troll Monk on Nov 10, 2017.
             Was a Priest of Okawaru.
             Demolished by a two-headed ogre
             ... wielding a +0 giant club
              (20 damage)
             ... on level 6 of the Dungeon.
             The game lasted 00:10:59 (3446 turns).

Firecrotchwizard the Grappler (Troll Monk)          Turns: 3446, Time: 00:10:59

Health: -19/68     AC:  7    Str: 20    XL:     7   Next: 94%
Magic:  4/6        EV: 14    Int:  6    God:    Okawaru [***...]
Gold:   202        SH:  0    Dex: 14    Spells: 6/6 levels left

rFire    x . .     SeeInvis .     - Unarmed
rCold    + . .     Gourm    +   (no shield)
rNeg     . . .     Faith    .   a - +0 robe
rPois    .         Spirit   .   (helmet restricted)
rElec    .         Reflect  .   F - +0 cloak
rCorr    .         Harm     .   (gloves unavailable)
MR       .....                  (boots unavailable)
Stlth    +++.......             (no amulet)
Regen    0.7/turn               l - ring of ice {rC+, rF-}
MPRegen  0.1/turn               (no ring)

@: heroism
A: unfitting armour, claws 3, fast metabolism 3, gourmand, regeneration 1,
shaggy fur 1, tough skin 2
a: Heroism, Renounce Religion


You were on level 6 of the Dungeon.
You worshipped Okawaru.
Okawaru was most pleased with you.
You were completely stuffed.

You visited 1 branch of the dungeon, and saw 6 of its levels.
You also visited: Sewer.

You collected 202 gold pieces.

Inventory:

Hand Weapons
 j - a +0 blowgun
   (You took it off a kobold in a sewer)
 p - the cursed +1 dagger of Qazlal's Reproof {pierce, rElec rPois MR+++ Str-2, unknown}
   (You took it off an orc on level 4 of the Dungeon)

   It inflicts extra damage upon your enemies.
   It affects your strength (-2).
   It insulates you from electricity.
   It protects you from poison.
   It affects your resistance to hostile enchantments.
   It has a curse placed upon it.
 r - a +2 dagger of venom
   (You found it on level 2 of the Dungeon)
 w - a +0 dagger of venom
   (You took it off an orc wizard on level 3 of the Dungeon)
Missiles
 c - 3 curare-tipped needles
 n - 4 large rocks (quivered) {!d}
Armour
 a - a +0 robe (worn)
 F - a +0 cloak (worn)
   (You found it on level 4 of the Dungeon)
Jewellery
 l - a ring of ice (left claw) {rC+, rF-}
   (You found it on level 2 of the Dungeon)
Wands
 D - a wand of flame (15/48)
   (You took it off a kobold on level 7 of the Dungeon)
Scrolls
 f - a scroll of remove curse
 g - a scroll of immolation {!r}
 i - a scroll of fog
 m - 2 scrolls of identify
 G - a scroll of teleportation
Potions
 d - 4 potions of heal wounds
 e - a potion of lignification {unknown}
 h - 2 potions of degeneration {unknown}
 k - 2 potions of flight {unknown}
 s - 2 potions of ambrosia {unknown}
 t - a potion of brilliance {unknown}
 u - 3 potions of haste
 v - 2 potions of curing {unknown}
 A - a potion of might {unknown}
Books
 y - a book of Necromancy
   (You found it on level 3 of the Dungeon)
 z - a book of Callings
   (You found it on level 3 of the Dungeon)
 B - a book of Maledictions
   (You found it on level 3 of the Dungeon)
 E - a book of Cantrips
   (You found it on level 4 of the Dungeon)
Comestibles
 b - 4 bread rations {@e1}
 o - a chunk of flesh {@w0}
 q - 4 meat rations {@e2}
 x - 4 fruits
 C - 3 royal jellies


   Skills:
 + Level 3.9(8.9) Fighting
 + Level 2.9(7.9) Armour
 - Level 2.4(7.4) Dodging
 - Level 1.0(6.0) Stealth
 - Level 8.0(13.0) Unarmed Combat


You had 6 spell levels left.
You didn't know any spells.

Dungeon Overview and Level Annotations

Branches:
Dungeon (7/15)
 Temple: D:4-7

Altars:
Dithmenos
Nemelex Xobeh
Okawaru
Uskayaw
Vehumet
Xom
Yredelemnul
The Shining One


Innate Abilities, Weirdness & Mutations

You are too large for most types of armour.
You have claws for hands.
Your metabolism is lightning-fast.
You like to eat raw meat.
Your natural rate of healing is unusually fast.
You are covered in fur. (AC +1)
You have very tough skin. (AC +2)


Message History

This raw flesh tastes great.
An adder comes into view.
An ice beast comes into view.
The helpless adder fails to defend itself.
You claw the adder! The adder bites you.
You take 1 damage, and have 66/67 hp.
You closely miss the adder. The adder barely misses you.
You scratch the adder.
You kill the adder!
Okawaru accepts your kill.
Health restored: 67 You barely miss the ice beast.
The ice beast closely misses you.
You closely miss the ice beast.
The ice beast hits you but does no damage.
You claw the ice beast!
The ice beast hits you but does no damage.
You scratch the ice beast. The ice beast hits you. The ice beast freezes you.
You resist.
You take 4 damage, and have 63/67 hp.
You barely miss the ice beast. You claw the ice beast.
You closely miss the ice beast. The ice beast barely misses you.
You barely miss the ice beast.
The ice beast hits you but does no damage.
You scratch the ice beast but do no damage.
The ice beast hits you. The ice beast freezes you. You resist.
You take 7 damage, and have 57/67 hp.
You scratch the ice beast but do no damage.
The ice beast barely misses you.
You scratch the ice beast but do no damage.
The ice beast closely misses you.
You claw the ice beast!
You kill the ice beast!
Okawaru accepts your kill.
You start resting.
Health restored: 68 A centaur comes into view.
The centaur shouts!
The centaur wields a shortbow.
The centaur shoots an arrow.
The arrow hits you.
You see here an arrow.
You take 5 damage, and have 63/68 hp.
The centaur shoots an arrow.
The arrow hits you!
You see here an arrow.
You take 6 damage, and have 57/68 hp.
The centaur unwields an uncursed shortbow.
The centaur hits you.
You take 5 damage, and have 52/68 hp.
You claw the centaur! The centaur closely misses you. The centaur hits you.
You take 1 damage, and have 51/68 hp.
You claw the centaur!
You kill the centaur!
Okawaru accepts your kill.
Things that are here:
an uncursed shortbow; 20 arrows; a centaur corpse
G - a scroll of teleportation
Things that are here:
an uncursed shortbow; 20 arrows; a centaur corpse You butcher the centaur corpse.
o - 5 chunks of flesh {@w0} (gained 1)
Things that are here:
an uncursed shortbow; 20 arrows Some of the chunks of flesh in your inventory have rotted away. 2 jackals come into view.
You regained 9 hp, and now have 64/68 hp.
A two-headed ogre comes into view. It is wielding two giant clubs.
The two-headed ogre shouts in stereo!
The jackal barks!
You hear a bark! x2 2 jackals come into view.
You gain the combat prowess of a mighty hero.
The jackal bites you but does no damage.
The two-headed ogre hits you with a giant club!
The two-headed ogre closely misses you.
You take 8 damage, and have 56/68 hp.
You now have 4/6 mp.
You barely miss the two-headed ogre.
The jackal bites you but does no damage.
You barely miss the two-headed ogre. The jackal closely misses you.
The two-headed ogre hits you with a giant club! x2
You take 29 damage, and have 27/68 hp.
MASSIVE DAMAGE!!
You claw the two-headed ogre! You claw the two-headed ogre.
The jackal bites you. The two-headed ogre closely misses you.
The two-headed ogre hits you with a giant club!!
* * * LOW HITPOINT WARNING * * *
You take 23 damage, and have 4/68 hp.
MASSIVE DAMAGE!!
You mangle the two-headed ogre!! The jackal misses you. x2
You scratch the two-headed ogre but do no damage.
The jackal bites you but does no damage.
The jackal closely misses you. The jackal misses you.
The two-headed ogre misses you. The two-headed ogre closely misses you.
The jackal bites you.
* * * LOW HITPOINT WARNING * * *
You take 1 damage, and have 4/68 hp.
You scratch the two-headed ogre. The jackal closely misses you.
The jackal bites you but does no damage.
The jackal bites you.
* * * LOW HITPOINT WARNING * * *
You barely miss the two-headed ogre. The jackal bites you.
* * * LOW HITPOINT WARNING * * *
The jackal barely misses you.
The two-headed ogre hits you with a giant club!!
You die...

###.##.# . ######
###...##.###. #....#
#......#..... #....#
#.#.#.#...#.#
#....###.#.#.#.#.#.#
#....... #.#.#.#.#..
#####.....####.#.#.#.#..
......hh..#..#.#.#.#....
$....hh@..#....#.#.#.###
(.....O##.# ...#.#.#....
....... #.###..#.#.#####
....... #......#.#.#
....... ####...#...# ###
.......#####.......# #..
...................###(#
.###########..#.#....(..
.....#.#.......


You could see a two-headed ogre and 4 jackals.

Vanquished Creatures
  A hippogriff (D:7)
  Menkaure (D:4)
  A sky beast (D:7)
  An ice beast (D:6)
  A centaur (D:6)
  A crocodile (Sewer)
  2 orc priests (D:4)
  Jessica (D:2)
  2 orc wizards
  A worker ant (D:4)
  6 adders
  An ooze (D:2)
  4 worms
  2 dart slugs (D:2)
  3 leopard geckos
  11 orcs
  A ball python (D:4)
  3 giant cockroaches
  7 goblins
  4 hobgoblins (D:3)
  4 jackals
  10 kobolds
  A quokka (D:4)
  10 bats
  3 frilled lizards
  2 gnoll zombies (D:3)
  7 rats
91 creatures vanquished.

Notes
Turn   | Place    | Note
-------+----------+-------------------------------------------
     0 | D:1      | Firecrotchwizard the Troll Monk began the quest for the Orb.
     0 | D:1      | Reached XP level 1. HP: 22/22 MP: 0/0
   217 | D:1      | Reached XP level 2. HP: 29/29 MP: 1/1
   675 | D:2      | Reached skill level 4 in Unarmed Combat
   707 | D:2      | Reached XP level 3. HP: 36/36 MP: 2/2
   814 | D:2      | Found a faded altar of an unknown god.
   867 | D:2      | Found a shimmering altar of Xom.
  1249 | D:2      | Reached XP level 4. HP: 39/44 MP: 3/3
  1393 | D:2      | Found a sparkling altar of Nemelex Xobeh.
  1393 | D:2      | Noticed Jessica
  1397 | D:2      | Killed Jessica
  1397 | D:2      | Reached skill level 5 in Unarmed Combat
  1758 | D:3      | Reached XP level 5. HP: 29/50 MP: 4/4
  1777 | D:3      | HP: 12/50 [poisoned by an orc wizard]
  1782 | D:3      | HP: 10/50 [poisoned by an orc wizard]
  1788 | D:3      | HP: 11/50 [poisoned by an orc wizard]
  1970 | D:3      | Reached skill level 6 in Unarmed Combat
  1985 | D:3      | Found a glowing golden altar of the Shining One.
  2184 | D:3      | Found a basalt altar of Yredelemnul.
  2223 | D:3      | Found a glowing golden altar of the Shining One.
  2224 | D:3      | Found a shadowy altar of Dithmenos.
  2225 | D:3      | Found an iron altar of Okawaru.
  2225 | D:3      | Found a hide-covered altar of Uskayaw.
  2229 | D:3      | Became a worshipper of Warmaster Okawaru
  2229 | D:3      | Reached * piety under Okawaru
  2229 | D:3      | Reached ** piety under Okawaru
  2573 | D:4      | Found a glowing drain.
  2592 | Sewer    | Entered a sewer
  2619 | Sewer    | HP: 12/50 [poisoned by kobold (curare-tipped needle)]
  2624 | Sewer    | HP: 12/50 [poisoned by kobold (curare-tipped needle)]
  2757 | Sewer    | Noticed a crocodile
  2765 | Sewer    | Killed a crocodile
  2765 | Sewer    | Reached XP level 6. HP: 33/59 MP: 2/5
  2886 | D:4      | Reached skill level 7 in Unarmed Combat
  2923 | D:4      | Noticed Menkaure
  2936 | D:4      | Killed Menkaure
  3020 | D:4      | Got a shimmering dagger {pierce}
  3045 | D:4      | Reached skill level 8 in Unarmed Combat
  3187 | D:4      | You fall through a shaft for 3 floors!
  3192 | D:7      | Found a radiant altar of Vehumet.
  3193 | D:7      | Noticed a hippogriff
  3211 | D:7      | Killed a hippogriff
  3211 | D:7      | Reached skill level 3 in Fighting
  3211 | D:7      | Reached skill level 1 in Armour
  3211 | D:7      | Reached XP level 7. HP: 19/67 MP: 6/6
  3241 | D:7      | Reached *** piety under Okawaru
  3241 | D:7      | Reached skill level 2 in Armour
  3248 | D:7      | HP: 1/67 [kobold/wand of flame (?/48) (18)]
  3438 | D:6      | Noticed a two-headed ogre
  3442 | D:6      | HP: 4/68 [two-headed ogre/giant club (22)]
  3446 | D:6      | HP: 1/68 [jackal (3)]
  3446 | D:6      | Demolished by a two-headed ogre

Skill      XL: |  1  2  3  4  5  6  7 |
---------------+----------------------+-----
Unarmed Combat | 4 5 6 8 |  8.0
Fighting       | 3 |  3.9
Armour         | 1 2 |  2.9
Dodging        | |  2.4
Stealth        | |  1.0

Action                   |  1- 3 |  4- 6 |  7- 9 || total
-------------------------+-------+-------+-------++-------
Melee: Unarmed           |    69 |   152 |    29 ||   250
       Punch             |     1 |     4 |     2 ||     7
Throw: Large rock        |     4 |     3 |       ||     7
Invok: Heroism           |       |     2 |     1 ||     3
  Use: Scroll            |       |     9 |       ||     9
 Stab: Sleeping          |     4 |     1 |     1 ||     6
  Eat: Chunk             |    17 |    18 |     2 ||    37
Armor: Robe              |    25 |    50 |     7 ||    82
Dodge: Dodged            |    29 |    66 |    19 ||   114

Vault maps used:
D:1:      sevenhm_arrival_forest_fort_small_6
D:2:      lemuel_round_altar, chequers_ecumenical_altar_simple,
          nemelex_lonely_heart_becter
D:3:      lemuel_zombie_altar_yredelemnul,
          chequers_temple_overflow_statue_of_worship, grunt_ministairs_7,
          nicolae_tso_swordbearing_angel
D:4:      portal_sewer_entry_a, uniq_menkaure
D:6:      nicolae_ru_awakened_eye
D:7:      serial_glass, glass_columns_c, glass_columns_a, glass_columns_a,
          glass_columns_a, glass_columns_a, glass_columns_a,
          vehumet_altar_wand_db, uniq_duvessa, uniq_pikel
Sewer:    sewer_the_crocodile

Table legend:
 A = Turns spent in this place as a percentage of turns spent in the entire game.
 B = Non-inter-level travel turns spent in this place as a percentage of non-inter-level travel turns spent in the entire game.
 C = Inter-level travel turns spent in this place as a percentage of turns spent in this place.
 D = Turns resting spent in this place as a percentage of non-inter-level travel turns spent in this place.
 E = Turns spent auto-exploring this place as a percentage of non-inter-level travel turns spent in this place.
 F = Non-inter-level travel turns spent in this place divided by the number of levels of this place that you've seen.
                   A       B       C       D       E      F
               +-------+-------+-------+-------+-------+----------------------
         Total | 100.0 | 100.0 |   0.4 |   3.7 |  12.7 | 142.4
       Dungeon |  94.7 |  94.7 |   0.4 |   3.2 |  12.8 | 157.3
         Sewer |   5.3 |   5.3 |   0.0 |  13.2 |  11.3 |  53.0
               +-------+-------+-------+-------+-------+----------------------

Table legend:
 A = Kills in this place as a percentage of kills in entire the game.
 B = Kills by you in this place as a percentage of kills by you in the entire game.
 C = Kills by friends in this place as a percentage of kills by friends in the entire game.
 D = Other kills in this place as a percentage of other kills in the entire game.
 E = Experience gained in this place as a percentage of experience gained in the entire game.
 F = Experience gained in this place divided by the number of levels of this place that you have seen.
                   A       B       C       D       E      F
               +-------+-------+-------+-------+-------+----------------------
         Total | 100.0 | 100.0 |  -nan |  -nan | 100.0 | 198.6
       Dungeon |  93.4 |  93.4 |  -nan |  -nan |  91.8 | 212.7
         Sewer |   6.6 |   6.6 |  -nan |  -nan |   8.2 | 114.0
               +-------+-------+-------+-------+-------+----------------------
